AoeStats
← iAlejandrouae

Arena

507695370Analyzed
4v4 RM · 13d ago on Sep 19, 2026· 37m 23s· 8 players
Game mode
Random Map
Map size
Large (8 player)
Population
200
Speed
Normal
Resources
Standard
Victory
Conquest
Starting age
Dark Age
Ending age
Imperial Age
RankedLock teamsTeams togetherTeam positionsShared explorationLock speedFull tech treeHidden civsTurbo modeCheats
Victory
Defeat
🇭🇰 Jurchens · Hong Kong SAR China
1534
+15
🇨🇳 Slavs · China
1507
+16
🇲🇽 Aztecs · Mexico
1493
+16
🇨🇳 Gurjaras · China
1473
+17
🇦🇷 Shu · Argentina
1606
-21
🇩🇪 Poles · Germany
1534
-17
🇸🇬 Tatars · Singapore
1450
-14
🇭🇺 Byzantines · Hungary
1411
-12
eL| Barry_Allen
10:24 Feudal Age
8:40 Loom
11:43 Loom
14:46 Castle Age
13:23 Double-Bit Axe
13:50 Horse Collar
16:27 Bow Saw
19:39 Fervor
20:44 Sanctity
23:11 Wheelbarrow
23:26 Heavy Plow
24:23 Hand Cart
28:23 Imperial Age
26:28 Fletching
27:35 Bodkin Arrow
27:41 Padded Archer Armor
28:09 Ballistics
28:28 Gold Mining
28:29 Stone Mining
28:13 Crossbowman
29:18 Bracer
30:23 Chemistry
28:50 Arbalester
30:08 Crop Rotation
30:41 Leather Archer Armor
31:45 Conscription
31:46 Murder Holes
32:04 Fortified Wall
33:23 Coinage
33:08 Capped Ram
34:01 Atlatl
34:41 Garland Wars
35:32 Siege Engineers
35:43 Pikeman
36:24 Squires
36:09 Arson
36:26 Scale Mail Armor
36:37 Forging
36:38 Siege Ram
38:05 Stone Shaft Mining
灵魂恰恰恰
10:07 Feudal Age
11:37 Double-Bit Axe
13:54 Castle Age
12:07 Horse Collar
15:02 Bow Saw
19:56 Loom
21:22 Heavy Plow
22:06 Gold Mining
22:57 Wheelbarrow
23:10 Gold Mining
24:30 Gold Shaft Mining
24:19 Stone Mining
24:54 Hand Cart
25:46 Loom
25:46 Town Watch
28:56 Imperial Age
27:02 Ballistics
26:34 Fletching
26:44 Padded Archer Armor
28:14 Stone Shaft Mining
27:52 Scale Barding Armor
27:57 Forging
28:59 Kshatriyas
28:58 Husbandry
29:11 Bloodlines
29:00 Heavy Camel Rider
30:18 Chain Barding Armor
30:33 Iron Casting
33:24 Chemistry
33:00 Plate Barding Armor
34:31 Coinage
34:02 Caravan
34:35 Town Patrol
34:33 Bodkin Arrow
34:20 Treadmill Crane
34:50 Masonry
35:08 Frontier Guards
35:08 Conscription
37:48 Banking
survivorsteven
10:08 Feudal Age
9:21 Loom
11:34 Double-Bit Axe
11:56 Town Watch
13:16 Horse Collar
13:44 Fletching
18:22 Wheelbarrow
21:13 Castle Age
19:25 Gold Mining
22:17 Bow Saw
22:47 Hand Cart
22:48 Heavy Plow
25:46 Scale Barding Armor
27:01 Chain Barding Armor
26:51 Forging
29:31 Imperial Age
31:00 Plate Barding Armor
31:45 Bloodlines
31:36 Husbandry
32:38 Heavy Rocket Cart
37:10 Two-Man Saw
37:49 Iron Casting
38:33 Crop Rotation
逸丶然
10:06 Feudal Age
13:44 Castle Age
11:55 Double-Bit Axe
12:00 Horse Collar
20:01 Wheelbarrow
21:08 Bow Saw
23:17 Gold Mining
23:18 Stone Mining
23:30 Heavy Plow
23:49 Hand Cart
27:43 Imperial Age
25:00 Loom
25:04 Town Watch
25:20 Scale Mail Armor
25:30 Forging
26:56 Chain Mail Armor
27:58 Iron Casting
27:08 Pikeman
27:49 Squires
27:13 Man-at-Arms
27:46 Capped Ram
28:58 Plate Mail Armor
27:52 Halberdier
29:10 Conscription
28:52 Siege Ram
30:53 Two-Man Saw
31:16 Blast Furnace
32:34 Druzhina
32:46 Man-at-Arms
34:30 Long Swordsman
35:36 Sappers
36:12 Detinets
Breznsoiza
10:31 Feudal Age
14:13 Castle Age
12:37 Double-Bit Axe
15:28 Bow Saw
15:11 Horse Collar
19:54 Heavy Plow
20:37 Wheelbarrow
22:06 Stone Mining
22:07 Gold Mining
23:00 Hand Cart
23:45 Stone Shaft Mining
25:42 Fletching
25:53 Padded Archer Armor
26:07 Scale Barding Armor
26:12 Forging
25:52 Loom
25:52 Town Watch
28:58 Imperial Age
27:14 Chain Barding Armor
27:12 Szlachta Privileges
26:53 Pikeman
28:17 Iron Casting
27:04 Pikeman
27:48 Husbandry
27:59 Bloodlines
28:30 Squires
28:15 Arson
28:31 Scale Mail Armor
29:42 Scale Mail Armor
29:05 Cavalier
30:08 Conscription
30:58 Blast Furnace
29:58 Scale Mail Armor
31:24 Devotion
32:46 Chain Mail Armor
33:50 Crop Rotation
35:02 Chemistry
34:45 Fortified Wall
35:10 Plate Mail Armor
36:15 Masonry
iAlejandrouae
8:24 Feudal Age
7:04 Loom
10:19 Fletching
12:17 Double-Bit Axe
20:13 Castle Age
18:07 Horse Collar
21:15 Bow Saw
21:08 Heavy Plow
23:19 Wheelbarrow
24:57 Hand Cart
26:57 Gold Mining
27:41 Stone Mining
29:20 Scale Barding Armor
29:25 Forging
32:14 Imperial Age
30:32 Husbandry
31:53 Chain Barding Armor
32:18 Heavy Hei Guang Cavalry
33:34 Plate Barding Armor
34:55 Bodkin Arrow
35:27 Ballistics
36:08 Chemistry
35:09 Padded Archer Armor
36:21 Two-Man Saw
35:53 Bracer
36:29 Conscription
36:12 Light Cavalry
37:14 Thumb Ring
36:29 Crossbowman
37:28 Bolt Magazine
DraveczB
11:12 Feudal Age
14:54 Castle Age
12:54 Double-Bit Axe
13:21 Horse Collar
22:24 Wheelbarrow
22:16 Heavy Plow
23:10 Bow Saw
24:34 Gold Mining
25:00 Loom
25:40 Hand Cart
25:27 Stone Mining
26:17 Gold Shaft Mining
27:28 Husbandry
30:25 Imperial Age
28:07 Scale Barding Armor
28:12 Forging
28:02 Elite Skirmisher
28:48 Thumb Ring
29:04 Ballistics
29:17 Chain Barding Armor
30:17 Iron Casting
29:43 Fletching
29:53 Padded Archer Armor
29:38 Treadmill Crane
30:29 Heavy Camel Rider
31:45 Plate Barding Armor
32:56 Chemistry
32:55 Bodkin Arrow
34:59 Leather Archer Armor
34:44 Man-at-Arms
35:11 Gambesons
35:26 Squires
35:28 Scale Mail Armor
36:21 Bracer
BraveHeart
10:31 Feudal Age
14:30 Castle Age
12:50 Double-Bit Axe
12:59 Horse Collar
15:21 Heavy Plow
15:56 Bow Saw
21:08 Wheelbarrow
20:22 Loom
21:38 Gold Mining
24:26 Gold Shaft Mining
28:16 Imperial Age
26:52 Fletching
27:02 Padded Archer Armor
27:31 Bodkin Arrow
27:48 Stone Mining
28:39 Ballistics
28:25 Heavy Cavalry Archer
29:06 Bracer
29:21 Leather Archer Armor
30:08 Chemistry
30:05 Scale Barding Armor
32:35 Silk Armor
33:11 Ring Archer Armor
33:55 Chain Barding Armor
34:17 Forging
37:45 Plate Barding Armor
Connection lost

Rejoining the realm…

Still unreachable

The connection could not be restored.

Session expired

The server has moved on; the page needs a fresh start.